AoeStats
← ReidTheWombat

Arena

509327817Analyzed
3v3 RM · 4d ago on Sep 26, 2026· 41m 27s· 6 players
Game mode
Random Map
Map size
Normal (6 player)
Population
200
Speed
Normal
Resources
Standard
Victory
Conquest
Starting age
Dark Age
Ending age
Imperial Age
RankedLock teamsTeams togetherTeam positionsShared explorationLock speedFull tech treeHidden civsTurbo modeCheats
Victory
Defeat
🇺🇸 Magyars · United States
1184
+12
🇨🇳 Teutons · China
1164
+13
🇧🇪 Turks · Belgium
1111
+14
🇦🇺 Goths · Australia
1116
-14
🇦🇺 Cumans · Australia
1107
-14
🇬🇧 Armenians · United Kingdom
1044
-11
彭大帅
5:21 Loom
10:18 Feudal Age
17:16 Castle Age
15:02 Double-Bit Axe
15:00 Horse Collar
16:37 Wheelbarrow
18:51 Forging
20:09 Iron Casting
25:25 Bloodlines
27:08 Scale Barding Armor
28:01 Town Watch
32:23 Chain Barding Armor
35:34 Imperial Age
33:19 Hand Cart
33:04 Gold Mining
33:25 Bow Saw
33:18 Heavy Plow
35:23 Fletching
37:15 Chemistry
35:38 Cavalier
36:56 Plate Barding Armor
37:22 Blast Furnace
36:28 Stone Mining
39:22 Two-Man Saw
38:54 Crop Rotation
39:10 Paladin
Carleo_Intestin
10:24 Feudal Age
14:23 Castle Age
12:48 Double-Bit Axe
12:47 Horse Collar
21:13 Scale Barding Armor
24:05 Chain Barding Armor
26:32 Corvinian Army
33:25 Imperial Age
34:08 Fletching
34:55 Plate Barding Armor
34:31 Padded Archer Armor
35:06 Bodkin Arrow
36:20 Conscription
36:40 Wheelbarrow
36:55 Parthian Tactics
37:30 Ballistics
38:11 Bracer
40:12 Thumb Ring
39:56 Heavy Cavalry Archer
PERE NOEL
11:41 Feudal Age
15:59 Castle Age
14:32 Horse Collar
31:13 Imperial Age
28:59 Double-Bit Axe
30:23 Loom
33:02 Wheelbarrow
38:28 Elite Janissary
RedTheWeasel
8:46 Loom
12:07 Feudal Age
13:45 Double-Bit Axe
18:25 Forging
20:11 Horse Collar
27:27 Castle Age
27:32 Pikeman
34:43 Town Watch
35:35 Wheelbarrow
35:59 Heavy Plow
36:47 Bloodlines
35:57 Light Cavalry
37:45 Scale Barding Armor
37:50 Forging
37:03 Light Cavalry
41:17 Town Watch
Botgamer928
10:26 Loom
12:11 Feudal Age
12:41 Man-at-Arms
13:50 Arson
14:01 Long Swordsman
17:48 Forging
17:38 Scale Mail Armor
24:15 Castle Age
23:30 Horse Collar
25:07 Fletching
25:17 Padded Archer Armor
28:32 Bodkin Arrow
29:03 Pikeman
31:55 Ballistics
33:22 Padded Archer Armor
35:37 Double-Bit Axe
39:38 Squires
44:24 Imperial Age
ReidTheWombat
10:48 Feudal Age
9:47 Loom
11:18 Double-Bit Axe
11:25 Gold Mining
12:01 Horse Collar
13:03 Man-at-Arms
14:14 Scale Mail Armor
14:44 Forging
23:38 Castle Age
23:45 Pikeman
24:50 Bow Saw
25:07 Squires
25:59 Fletching
27:02 Chain Mail Armor
28:07 Bodkin Arrow
37:29 Wheelbarrow
Connection lost

Rejoining the realm…

Still unreachable

The connection could not be restored.

Session expired

The server has moved on; the page needs a fresh start.